 Dungeon Crawl Stone Soup version 0.20.1-1-g8b1a95d (webtiles) character file.

5040 Timinator the Martial Artist (level 10, -2/76 HPs)
             Began as a Vampire Monk on Aug 31, 2017.
             Was an Elder of Dithmenos.
             Slain by an ettin
             ... wielding a +0 dire flail
              (47 damage)
             ... on level 2 of the Orcish Mines.
             The game lasted 02:20:10 (7678 turns).

Timinator the Martial Artist (Vampire Monk)         Turns: 7678, Time: 02:20:11

Health: -2/76      AC: 10    Str: 10    XL:     10   Next: 30%
Magic:  9/10       EV: 19    Int: 15    God:    Dithmenos [****..]
Gold:   558        SH:  0    Dex: 21    Spells: 6/9 levels left

rFire    . . .     SeeInvis +     - Unarmed
rCold    . . .     Gourm    .   (no shield)
rNeg     . . .     Faith    .   e - +1 robe
rPois    .         Spirit   .   m - +2 hat
rElec    .         Reflect  .   (no cloak)
rCorr    .         Harm     .   (no gloves)
MR       ++...     Rnd*Tele +   (no boots)
Stlth    ++++++....             (no amulet)
Regen    0.5/turn               x - ring "Fataleqi" {*Tele +Inv +Fly Dex+3}
MPRegen  0.2/turn               r - ring of protection from magic

@: icy armour, regenerating quickly, wreathed by umbra, slow
A: fangs 3, see invisible, unbreathing
a: Shadow Step, Renounce Religion, Evoke Invisibility, Evoke Flight


You were on level 2 of the Orcish Mines.
You worshipped Dithmenos.
Dithmenos was greatly pleased with you.
You were full.

You visited 2 branches of the dungeon, and saw 11 of its levels.

You collected 558 gold pieces.

Inventory:

Missiles
 i - 4 tomahawks of returning (quivered)
 n - 8 tomahawks
Armour
 e - a +1 robe (worn)
 j - a +0 animal skin
 m - a +2 hat (worn)
 s - a +0 helmet
 u - a +0 robe
Jewellery
 f - an uncursed ring of fire
 r - a ring of protection from magic (right hand)
 x - the ring "Fataleqi" (left hand) {*Tele +Inv +Fly Dex+3}
   (You found it on level 6 of the Dungeon)

   [ring of teleportation]

   It may teleport you next to monsters.
   It affects your dexterity (+3).
   It lets you turn invisible.
   It lets you fly.
 z - an uncursed amulet of harm
Wands
 d - a wand of iceblast (3/15)
 w - a wand of polymorph (14/24)
Scrolls
 a - 3 scrolls of remove curse
 g - 3 scrolls of teleportation
 k - 5 scrolls of identify
 l - 3 scrolls of magic mapping
 y - a scroll of fog
Potions
 b - 19 potions of blood
 o - a potion of magic
 p - a potion of curing
Books
 t - a book of Frost

   Spells                             Type                      Level
   a - Freeze                         Ice                          1
   b - Throw Frost                    Conjuration/Ice              2
   c - Ozocubu's Armour               Charms/Ice                   3
   d - Throw Icicle                   Conjuration/Ice              4
   e - Summon Ice Beast               Ice/Summoning                4


   Skills:
 * Level 5.7 Fighting
 * Level 8.6 Dodging
 + Level 8.0 Stealth
 + Level 11.1 Unarmed Combat
 - Level 0.1 Spellcasting
 * Level 3.4 Charms
 - Level 4.2 Ice Magic
 - Level 0.1 Evocations


You had 6 spell levels left.
You knew the following spells:

 Your Spells              Type           Power        Failure   Level  Hunger
a - Ozocubu's Armour      Chrm/Ice       ##......     17%         3    ####...


Dungeon Overview and Level Annotations

Branches:
Dungeon (9/15)             Temple (0/1) D:6             Orc (2/2) D:9
   Lair: D:8-11         Elf: Orc:2

Altars:
Cheibriados
Dithmenos
Kikubaaqudgha
Okawaru
Ru
Zin
Beogh


Innate Abilities, Weirdness & Mutations

Your natural rate of healing is unusually fast.
You have razor-sharp teeth.
You have supernaturally acute eyesight. (SInv)
You can survive without breathing.


Message History

You hear a shout!
You hear two shouts!
You hear a shout! x2
You punch the orc warrior!
The orc warrior is almost dead.
You hit the orc warrior.
You kill the orc warrior!
Dithmenos accepts your kill.
You hit the ogre. You bite the ogre.
The ogre is moderately wounded.
You punch the ogre!
The ogre is severely wounded.
The ogre misses you.
You punch the ogre!
You kill the ogre!
Dithmenos accepts your kill.
Your Stealth skill increases to level 8!
You hit the orc warrior but do no damage.
The orc warrior barely misses you. The ettin hits you with a dire flail!
The ettin hits you with a dire flail!!!
Ouch! That really hurt!
You die...

..o..o
#.............o....
....#.
##.................
o....#
#..<..............
#...#
###................
.##
##o#....#...........
##
#......oo...........
##..#.#oo.....O.o....
#..C###o#o##....O....
##.#@#.o.####........
#...o#.## .........
#.....#### ....#.#..
#....### #.....#...
##.### ##...#.... ##
...###...


You could see an ettin and 2 orc warriors.

Vanquished Creatures
  2 hippogriffs (D:8)
  A wyvern (D:9)
  Menkaure (D:4)
  A water moccasin (D:9)
  3 ice beasts
  5 orc warriors
  A sky beast (D:6)
  A necrophage (D:6)
  7 ogres
  3 centaurs
  3 bullfrogs
  A water moccasin zombie (D:6)
  A scorpion (D:4)
  A wight (D:8)
  14 killer bees (D:8)
  5 crimson imps
  A bullfrog zombie (D:3)
  2 centaur zombies
  A quasit (D:6)
  9 orc priests
  5 hounds
  A jelly (D:7)
  3 iguanas
  Natasha (thrice) (D:2)
  7 orc wizards
  8 worker ants
  A hound zombie (D:6)
  2 hound skeletons
  Robin (D:3)
  4 gnolls (D:8)
  12 adders
  A shadow imp (D:6)
  2 oozes (D:2)
  An adder skeleton (D:7)
  2 worms (D:4)
  A dart slug (D:2)
  6 leopard geckos
  25 orcs
  A bat (D:2)
  6 giant cockroaches
  18 goblins
  7 hobgoblins
  5 quokkas
  11 frilled lizards
  6 kobolds
  A quokka skeleton (D:6)
  8 rats
211 creatures vanquished.

Notes
Turn   | Place    | Note
-------+----------+-------------------------------------------
     0 | D:1      | Timinator the Vampire Monk began the quest for the Orb.
     0 | D:1      | Reached XP level 1. HP: 17/17 MP: 1/1
   125 | D:1      | Reached XP level 2. HP: 21/23 MP: 2/2
   719 | D:2      | Noticed Natasha
   728 | D:2      | Noticed a crimson imp
   736 | D:2      | Killed Natasha
   736 | D:2      | Reached skill level 4 in Unarmed Combat
   736 | D:2      | Reached XP level 3. HP: 19/29 MP: 3/3
   846 | D:2      | Noticed Natasha
   863 | D:2      | Killed Natasha
   863 | D:2      | Reached XP level 4. HP: 35/35 MP: 4/4
  1099 | D:2      | Found a faded altar of an unknown god.
  1115 | D:2      | Noticed Natasha
  1122 | D:2      | Killed Natasha
  1194 | D:2      | Reached XP level 5. HP: 41/41 MP: 5/5
  1215 | D:2      | Reached skill level 5 in Unarmed Combat
  1515 | D:3      | Noticed Robin
  1532 | D:3      | Killed Robin
  1757 | D:3      | Reached skill level 5 in Dodging
  1763 | D:3      | HP: 2/41 [adder (4)]
  1926 | D:3      | Reached skill level 6 in Unarmed Combat
  1926 | D:3      | Reached XP level 6. HP: 38/47 MP: 6/6
  2342 | D:4      | Found a shadowy altar of Dithmenos.
  2364 | D:4      | Became a worshipper of Dithmenos the Shadowed
  2364 | D:4      | Reached * piety under Dithmenos
  2364 | D:4      | Reached ** piety under Dithmenos
  2525 | D:4      | Noticed Menkaure
  2542 | D:4      | Killed Menkaure
  2542 | D:4      | Reached skill level 7 in Unarmed Combat
  2822 | D:4      | Reached XP level 7. HP: 44/52 MP: 7/7
  2999 | D:5      | Entered Level 5 of the Dungeon
  3095 | D:5      | Learned a level 3 spell: Ozocubu's Armour
  3185 | D:5      | You fall through a shaft for 2 floors!
  3263 | D:7      | Reached skill level 1 in Charms
  3292 | D:6      | Reached skill level 8 in Unarmed Combat
  3327 | D:6      | Got a glittering bronze ring
  3340 | D:6      | Reached XP level 8. HP: 56/60 MP: 8/8
  3361 | D:6      | Reached skill level 5 in Stealth
  3403 | D:6      | Found a sacrificial altar of Ru.
  3474 | D:6      | Identified the ring "Fataleqi" {*Tele +Inv +Fly Dex+3} (You found it on level 6 of the Dungeon)
  3511 | D:6      | Reached skill level 1 in Ice Magic
  3532 | D:6      | Found a staircase to the Ecumenical Temple.
  4096 | D:7      | Reached skill level 9 in Unarmed Combat
  4297 | D:7      | Found an iron altar of Okawaru.
  4302 | D:7      | Found a snail-covered altar of Cheibriados.
  4490 | D:7      | Noticed a hippogriff
  4584 | D:7      | Reached XP level 9. HP: 66/66 MP: 9/9
  4592 | D:7      | Found a glowing silver altar of Zin.
  4657 | D:7      | Found an ancient bone altar of Kikubaaqudgha.
  4657 | D:7      | Found an iron altar of Okawaru.
  5288 | D:8      | Reached *** piety under Dithmenos
  5487 | D:8      | Reached skill level 5 in Fighting
  5487 | D:8      | Reached skill level 10 in Unarmed Combat
  5509 | D:8      | Noticed a queen bee
  6702 | D:9      | Reached XP level 10. HP: 74/74 MP: 10/10
  6905 | D:9      | Found a staircase to the Orcish Mines.
  6963 | D:9      | Found a roughly hewn altar of Beogh.
  7014 | D:9      | Reached skill level 11 in Unarmed Combat
  7105 | Orc:1    | Entered Level 1 of the Orcish Mines
  7477 | Orc:1    | Found a roughly hewn altar of Beogh.
  7596 | Orc:2    | Entered Level 2 of the Orcish Mines
  7596 | Orc:2    | Noticed an orc knight
  7610 | Orc:2    | Noticed an ettin
  7619 | Orc:2    | Noticed an orc sorcerer
  7660 | Orc:2    | Reached **** piety under Dithmenos
  7678 | Orc:2    | Slain by an ettin

Skill      XL: |  1  2  3  4  5  6  7  8  9 10 |
---------------+-------------------------------+-----
Fighting       | 3 4 5 |  5.7
Dodging        | 4 5 6 8 |  8.6
Unarmed Combat | 4 6 7 8 9 10 11 | 11.1
Stealth        | 4 5 7 8 |  8.0
Charms         | 1 3 |  3.4
Ice Magic      | 2 3 4 |  4.2
Spellcasting   | |  0.1
Evocations     | |  0.1

Action                   |  1- 3 |  4- 6 |  7- 9 | 10-12 || total
-------------------------+-------+-------+-------+-------++-------
Melee: Unarmed           |    74 |   235 |   497 |   136 ||   942
       Bite              |     6 |    28 |    67 |    17 ||   118
       Punch             |       |     2 |    28 |    13 ||    43
Throw: Tomahawk          |       |       |     8 |       ||     8
 Cast: Ozocubu's Armour  |       |       |     2 |     2 ||     4
Invok: Shadow Step       |       |       |     1 |     2 ||     3
Evoke: Wand              |       |       |     3 |       ||     3
  Use: Scroll            |     2 |       |     9 |     7 ||    18
       Potion            |     2 |     7 |    20 |     1 ||    30
 Stab: Sleeping          |     4 |    12 |    22 |     2 ||    40
       Distracted        |       |       |     1 |     1 ||     2
  Eat: Corpse            |     7 |     7 |     9 |     4 ||    27
Armor: Robe              |     4 |    32 |    44 |     2 ||    82
       Skin              |       |       |    27 |       ||    27
Dodge: Dodged            |    33 |   129 |   455 |    89 ||   706
